 Dungeon Crawl Stone Soup version 0.20-a0-710-g71b569a (webtiles) character file.

118 HallandMoats the Ducker (level 4, -1/35 HPs)
             Began as a Demonspawn Monk on Feb 21, 2017.
             Slain by mobydollar's ghost (8 damage)
             ... on level 3 of the Dungeon.
             The game lasted 00:02:57 (2951 turns).

HallandMoats the Ducker (Demonspawn Monk)           Turns: 2951, Time: 00:02:57

Health: -1/35      AC:  8    Str: 10 (12) XL:     4   Next: 72%
Magic:  4/4        EV: 11    Int: 10 (11) God:
Gold:   102        SH:  0    Dex: 15 (16) Spells: 3/3 levels left

rFire    . . .     SeeInvis .   l - +1 short sword (drain)
rCold    . . .     Gourm    .   d - +0 ring mail
rNeg     . . .     Faith    .   (no shield)
rPois    .         Spirit   .   (helmet restricted)
rElec    .         Reflect  .   (no cloak)
rCorr    .         Harm     .   (no gloves)
MR       .....                  g - +0 pair of boots
Stlth    +.........             (no amulet)
Regen    0.2/turn               (no ring)
MPRegen  0.1/turn               (no ring)

@: drained
A: antennae 1, molten scales 1
a: no special abilities


You were on level 3 of the Dungeon.
You were not hungry.

You visited 1 branch of the dungeon, and saw 3 of its levels.

You collected 102 gold pieces.

Inventory:

Hand Weapons
 a - a +0 hand axe
 l - a +1 short sword of draining (weapon)
Armour
 d - a +0 ring mail (worn)
 g - a +0 pair of boots (worn)
Scrolls
 e - 2 scrolls of amnesia {unknown}
 j - 4 scrolls of identify {unknown}
 k - a scroll of enchant weapon {unknown}
 m - a scroll of remove curse {unknown}
 n - a scroll of enchant armour {unknown}
Potions
 h - a potion of flight {unknown}
Comestibles
 b - 4 chunks of flesh
 c - 2 bread rations
 f - a meat ration
 i - 3 fruits
 o - a royal jelly


   Skills:
 + Level 3.5(2.4) Fighting
 + Level 3.1(2.0) Axes
 + Level 1.5(0.4) Armour
 * Level 4.0(2.9) Dodging
 - Level 1.7(0.7) Stealth


You had 3 spell levels left.
You didn't know any spells.

Dungeon Overview and Level Annotations

Branches:
Dungeon (3/15)

Altars:
Kikubaaqudgha

Annotations:
D:3 mobydollar's ghost, amateur DsAK


Innate Abilities, Weirdness & Mutations

You have a pair of small antennae on your head.
You are partially covered in molten scales. (AC +2)


Message History

You hit mobydollar's ghost but do no damage.
Mobydollar's ghost hits you.
You hit mobydollar's ghost.
Mobydollar's ghost is lightly damaged.
Mobydollar's ghost says, "My insurmountable tactics guarantee your defeat."
Mobydollar's ghost hits you.
* * * LOW HITPOINT WARNING * * *
You hit mobydollar's ghost.
Mobydollar's ghost is moderately damaged.
Mobydollar's ghost closely misses you. x2
You hit mobydollar's ghost.
Mobydollar's ghost is moderately damaged.
Mobydollar's ghost hits you but does no damage.
You barely miss mobydollar's ghost.
Mobydollar's ghost is moderately damaged.
Mobydollar's ghost closely misses you.
You hit mobydollar's ghost but do no damage.
Mobydollar's ghost is moderately damaged.
Mobydollar's ghost hits you!
You die...

........# #.# .....##.#
#.# .....##.# #.#
.(...##.# #.# #.#####.#
#.# #.#####.# #.# .
........###.# ...
#.###....##.#######.....
................@W......
.####....##########.....
...##....# ###
##.####### .#[# .#.#
.#.# ...# ...#


You could see mobydollar's ghost.

Vanquished Creatures
  4 adders (D:2)
  4 worms
  4 leopard geckos
  2 orcs (D:3)
  2 giant cockroaches
  9 goblins
  4 hobgoblins
  7 jackals
  2 quokkas (D:2)
  4 bats
  3 frilled lizards (D:2)
  7 kobolds
  11 rats
63 creatures vanquished.

Notes
Turn   | Place    | Note
-------+----------+-------------------------------------------
     0 | D:1      | HallandMoats the Demonspawn Monk began the quest for the Orb.
     0 | D:1      | Reached XP level 1. HP: 18/18 MP: 1/1
    89 | D:1      | Reached skill level 3 in Dodging
   156 | D:1      | Gained mutation: You are partially covered in molten scales. (AC +2) [demonic ancestry]
   156 | D:1      | Reached XP level 2. HP: 22/24 MP: 2/2
   443 | D:1      | Reached XP level 3. HP: 19/29 MP: 3/3
   445 | D:1      | Reached skill level 1 in Armour
  1066 | D:2      | Found an ancient bone altar of Kikubaaqudgha.
  1274 | D:2      | HP: 1/29 [poisoned by an adder]
  1861 | D:2      | Gained mutation: You have a pair of small antennae on your head. [demonic ancestry]
  1861 | D:2      | Reached XP level 4. HP: 35/35 MP: 4/4
  2818 | D:3      | Reached skill level 4 in Dodging
  2928 | D:3      | Noticed mobydollar's ghost (amateur DsAK)
  2951 | D:3      | Slain by mobydollar's ghost

Vault maps used:
D:1:      saegor_arrival_simple_c, minmay_cut_off
D:2:      kiku_gazebo_garden_becter, first_bread

Skill      XL: |  1  2  3  4 |
---------------+-------------+-----
Dodging        | 3 4 |  4.0
Armour         | 1 |  1.5
Axes           | 3 |  3.1
Fighting       | |  3.5
Stealth        | |  1.7

Action                   |  1- 3 |  4- 6 || total
-------------------------+-------+-------++-------
Melee: Hand axe          |   137 |    75 ||   212
       Short sword       |       |    33 ||    33
  Use: Potion            |     1 |       ||     1
 Stab: Sleeping          |     5 |     1 ||     6
       Distracted        |     1 |       ||     1
  Eat: Chunk             |     2 |     4 ||     6
       Fruit             |       |     1 ||     1
Armor: Robe              |    44 |    24 ||    68
       Ring mail         |       |    28 ||    28
Dodge: Dodged            |   103 |   106 ||   209
